 Dungeon Crawl Stone Soup version 0.16-a0-3933-g06ce5c0 (webtiles) character file.

102 timbw the Chopper (level 5, 0/41 HPs)
             Began as a Human Berserker on Feb 5, 2015.
             Was a Follower of Trog.
             Slain by a giant mite (2 damage)
             ... on level 5 of the Dungeon.
             The game lasted 00:02:23 (378 turns).

timbw the Chopper (Human Berserker)                  Turns: 378, Time: 00:02:23

Health: 0/41       AC:  2    Str: 25      XL:     5   Next: 6%
Magic:  5/5        EV: 12    Int:  7      God:    Trog [*.....]
Gold:   72         SH:  0    Dex: 10 (13) Spells: 0 memorised, 4 levels left

rFire  . . .     SeeInvis .     a - +0 hand axe
rCold  . . .     Clarity  .     b - +0 animal skin
rNeg   . . .     SustAb   .     (no shield)
rPois  .         Gourm    .     (no helmet)
rElec  .         Spirit   .     (no cloak)
rCorr  .         Warding  .     (no gloves)
rMut   .         Stasis   .     (no boots)
MR     .....                    (no amulet)
Stlth  +.........               (no ring)
                                (no ring)

@: mighty, lethally poisoned (0 -> -5), exhausted, slowed, very slow, not
resistant to hostile enchantments, very unstealthy
A: strong 1, evolution 1
a: Burn Spellbooks, Berserk, Renounce Religion


You were on level 5 of the Dungeon.
You worshipped Trog.
Trog was aware of your devotion.
You were not hungry.

You visited 1 branch of the dungeon, and saw 5 of its levels.

You collected 72 gold pieces.

Inventory:

Hand weapons
 a - a +0 hand axe (weapon)
Armour
 b - a +0 animal skin (worn)
Magical devices
 g - a wand of paralysis (15)
Scrolls
 d - 2 scrolls of remove curse {unknown}
 f - 4 scrolls of enchant armour {unknown}
Comestibles
 c - 2 bread rations
 h - a beef jerky
 i - a chunk of flesh


   Skills:
 - Level 3.0 Fighting
 + Level 5.3 Axes
 - Level 2.0 Armour
 - Level 2.0 Dodging


You had 4 spell levels left.
You didn't know any spells.

Dungeon Overview and Level Annotations

Branches:
Dungeon (5/15)
 Temple: D:4-7

Altars:
Nemelex Xobeh


Innate Abilities, Weirdness & Mutations

Your muscles are strong. (Str +2)
You evolve.


Message History

* * * LOW HITPOINT WARNING * * *
You see here 2 stones.
Unknown command.
Use which ability? (? or * to list)
You can't do that.
Unknown command.
Drink which item? (? for menu, Esc to quit)
It was a potion of might.
You feel very mighty all of a sudden.
* * * LOW HITPOINT WARNING * * *
You feel sick. The giant mite bites you.
* * * LOW HITPOINT WARNING * * *
You are more poisoned.
The giant mite poisons you!
The goblin shoots a stone.
The stone closely misses you.
The stone hits the giant mite.
You closely miss the giant mite.
The giant mite is heavily wounded.
* * * LOW HITPOINT WARNING * * *
You feel sick. The giant mite bites you.
You die...

#.# #.# #.# ##'##
##...## ##.....##
##....<..## ##
#........5####...###
+........5s@..g.....
#.........####...###
##.......## ##
##.....## ##...##
##+##


You could see a quasit, a crimson imp, a giant mite and a goblin.

Vanquished Creatures
  A hound (D:4)
  2 worker ants (D:4)
  An adder (D:2)
  A worm (D:4)
  2 hobgoblins (D:3)
  A kobold (D:4)
  A quokka (D:3)
  A bat (D:4)
  A giant newt (D:2)
  A rat (D:1)
12 creatures vanquished.

Notes
Turn   | Place    | Note
--------------------------------------------------------------
     0 | D:1      | timbw, the Human Berserker, began the quest for the Orb.
     0 | D:1      | Reached XP level 1. HP: 18/18 MP: 1/1
    57 | D:2      | Reached XP level 2. HP: 24/24 MP: 2/2
   154 | D:4      | Reached skill level 4 in Axes
   154 | D:4      | Reached XP level 3. HP: 28/29 MP: 3/3
   199 | D:5      | Entered Level 5 of the Dungeon
   209 | D:5      | Found a sparkling altar of Nemelex Xobeh.
   222 | D:5      | Gained mutation: Your magical capacity is low (-10% MP). [helix card]
   223 | D:5      | Lost mutation: Your magical capacity is low (-10% MP). [helix card]
   223 | D:5      | Gained mutation: You evolve. [helix card]
   224 | D:5      | Gained mutation: Your muscles are strong. (Str +2) [helix card]
   227 | D:5      | Noticed Jiocot
   274 | D:4      | Reached XP level 4. HP: 30/35 MP: 4/4
   341 | D:4      | Reached skill level 5 in Axes
   346 | D:4      | Acquired Trog's second power
   346 | D:4      | Reached XP level 5. HP: 23/41 MP: 5/5
   378 | D:5      | HP: 2/41 [poisoned by a giant mite]
   378 | D:5      | Slain by a giant mite

Action                   |  1- 3 |  4- 6 || total
-------------------------+-------+-------++-------
Melee: Hand axe          |    37 |     9 ||    46
Invok: Berserk           |     3 |     1 ||     4
       Trog's Hand       |       |     1 ||     1
Evoke: Deck              |    12 |       ||    12
  Use: Potion            |       |     1 ||     1
  Eat: Pizza             |       |     1 ||     1
       Chunk             |       |     1 ||     1
